 Dungeon Crawl Stone Soup version 0.19.1-1-g22dce08 (webtiles) character file.

464 theAP the Cudgeler (level 7, -2/44 HPs)
             Began as a Gargoyle Fighter on Jan 12, 2017.
             Killed by divine providence
             ... invoked by an orc priest
              (12 damage)
             ... on level 4 of the Dungeon.
             The game lasted 00:05:19 (2243 turns).

theAP the Cudgeler (Gargoyle Fighter)               Turns: 2243, Time: 00:05:19

Health: -2/44      AC: 20    Str: 23    XL:     7   Next: 7%
Magic:  7/7        EV:  4    Int:  9    God:
Gold:   114        SH:  9    Dex:  9    Spells: 0 memorised, 6 levels left

rFire  . . .     SeeInvis .     q - +0 morningstar
rCold  . . .     Gourm    .     e - +1 plate armour
rNeg   + . .     Faith    .     c - +0 shield
rPois  ∞         Spirit   .     (no helmet)
rElec  +         Reflect  .     (no cloak)
rCorr  .         Harm     .     f - +2 pair of gloves
MR     .....                    (no boots)
Stlth  ..........               (no amulet)
                                (no ring)
                                o - +2 ring of strength

@: no status effects
A: negative energy resistance 1, electricity resistance, unbreathing,
petrification resistance, rot immunity, AC +4
a: no special abilities


You were on level 4 of the Dungeon.
You were not hungry.

You visited 1 branch of the dungeon, and saw 4 of its levels.

You collected 114 gold pieces.

Inventory:

Hand Weapons
 a - a +1 flail
 q - a +0 morningstar (weapon)
Armour
 b - a +0 scale mail
 c - a +0 shield (worn)
 e - a +1 plate armour (worn)
 f - a +2 pair of gloves (worn)
 n - a +0 pair of gloves
Jewellery
 o - a +2 ring of strength (left hand)
Wands
 d - a wand of slowing (27/48)
Scrolls
 g - 4 scrolls of identify
 h - 4 scrolls of remove curse {unknown}
 i - 2 scrolls of teleportation
 j - a scroll of recharging {unknown}
Potions
 k - a potion of flight
 l - a potion of degeneration
 m - a potion of curing {unknown}
 p - a potion of lignification {unknown}


   Skills:
 + Level 5.4 Fighting
 * Level 6.2 Maces & Flails
 - Level 3.2 Armour
 - Level 3.2 Shields


You had 6 spell levels left.
You didn't know any spells.

Dungeon Overview and Level Annotations

Branches:
Dungeon (4/15)
 Temple: D:4-7

Altars:
The Shining One


Innate Abilities, Weirdness & Mutations

You are resistant to torment.
Your stone body is resilient. (AC +4)
You are immune to poison.
You resist negative energy. (rN+)
You are resistant to electric shocks. (rElec)
You can survive without breathing.
You are immune to petrification.
You are immune to rotting.


Message History

The orc priest invokes the aid of Beogh against you.
Beogh smites you!
* * * LOW HITPOINT WARNING * * *
Something hits you but does no damage.
Your plate armour prevents you from hitting something.
Something hits you but does no damage.
The orc priest begins to cast a cantrip, but forgets the words!
You closely miss something. Something hits you but does no damage.
You closely miss something.
Something hits you but does no damage. x2
You miss something.
The orc priest calls down the wrath of Beogh upon you.
You block something's attack.
You closely miss something.
You hear some strange, mumbled words.
A magic dart appears from out of thin air!
The magic dart hits you!
You hit something. Something hits you but does no damage.
The orc priest invokes the aid of Beogh against you.
Beogh smites you!
You die...

#### #....####..#
#...####.....[....#
##.....#...######...#
..........## .#
.........)#
..........##
...........## .
.#........".####....
##.......>.@{oo....
...........#####...
.?##.?...[### ##
########


You could see an orc priest and an orc.

Vanquished Creatures
  Sigmund (D:3)
  The ghost of Yoshimo the Magician, an amateur DgWz (D:4)
  An orc priest (D:4)
  An orc wizard (D:4)
  4 adders
  2 oozes
  A worm (D:2)
  3 dart slugs
  3 leopard geckos
  7 orcs
  6 bats
  2 giant cockroaches
  7 goblins
  2 hobgoblins
  5 jackals
  2 quokkas
  A ball python (D:3)
  4 frilled lizards
  4 kobolds
  9 rats
66 creatures vanquished.

Notes
Turn   | Place    | Note
-------+----------+-------------------------------------------
     0 | D:1      | theAP the Gargoyle Fighter began the quest for the Orb.
     0 | D:1      | Reached XP level 1. HP: 14/14 MP: 1/1
    97 | D:1      | Reached XP level 2. HP: 19/19 MP: 2/2
   233 | D:1      | Reached skill level 3 in Maces & Flails
   460 | D:1      | Reached XP level 3. HP: 23/23 MP: 3/3
  1067 | D:3      | Reached XP level 4. HP: 28/29 MP: 4/4
  1116 | D:3      | Noticed Sigmund
  1137 | D:3      | Reached skill level 4 in Maces & Flails
  1169 | D:3      | Killed Sigmund
  1169 | D:3      | Reached skill level 5 in Maces & Flails
  1169 | D:3      | Reached XP level 5. HP: 10/34 MP: 5/5
  1169 | D:3      | Reached XP level 6. HP: 11/39 MP: 6/6
  2093 | D:4      | Reached skill level 5 in Fighting
  2127 | D:4      | Found a glowing golden altar of the Shining One.
  2180 | D:4      | Noticed Yoshimo's ghost (amateur DgWz)
  2201 | D:4      | Killed Yoshimo's ghost
  2201 | D:4      | Reached skill level 6 in Maces & Flails
  2201 | D:4      | Reached XP level 7. HP: 28/44 MP: 7/7
  2243 | D:4      | Killed from afar by an orc priest

Skill      XL: |  1  2  3  4  5  6 |
---------------+-------------------+-----
Maces & Flails | 3 5 6 |  6.2
Fighting       | 4 5 |  5.4
Armour         | |  3.2
Shields        | |  3.2

Action                   |  1- 3 |  4- 6 |  7- 9 || total
-------------------------+-------+-------+-------++-------
Melee: Flail             |   138 |   148 |     4 ||   290
       Morningstar       |       |       |    14 ||    14
  Use: Scroll            |     7 |       |       ||     7
       Potion            |       |     1 |       ||     1
  Eat: Chunk             |     1 |     1 |       ||     2
       Bread ration      |       |     1 |       ||     1
Armor: Scale mail        |    17 |       |       ||    17
       Plate armour      |    77 |   182 |    10 ||   269
Dodge: Dodged            |    28 |    38 |       ||    66
Block: Shield            |    60 |    89 |     3 ||   152
